 Dungeon Crawl Stone Soup version 0.31.0-11-ge490571c62 (webtiles) character file.

Game seed: 6791703734249352563

757 qw the Skirmisher (level 7, -2/40 HPs)
             Began as a Deep Elf Hunter on Feb 3, 2024.
             Was an Initiate of Okawaru.
             Slain by a gnoll
             ... wielding a +0 halberd
             ... led by a gnoll bouda
              (5 damage)
             ... on level 5 of the Dungeon.
             The game lasted 00:00:17 (3166 turns).

qw the Skirmisher (Deep Elf Hunter)                 Turns: 3166, Time: 00:00:17

Health: -2/40      AC:  7    Str: 10    XL:     7   Next: 50%
Magic:  9/9        EV: 16    Int: 17    God:    Okawaru [......]
Gold:   290        SH:  0    Dex: 18    Spells: 6/6 levels left

rFire   + + .        a - +0 shortbow (flame)
rCold   . . .        (shield currently unavailable)
rNeg    . . .        f - +1 ring mail {rF+}
rPois   .            e - -1 helmet "Bod Dedd" {rF+ Int+3}
rElec   .            (no cloak)
rCorr   .            (no gloves)
SInv    .            h - +0 pair of boots
Will    .....        (no amulet)
Stlth   +            g - +5 ring of evasion
HPRegen 0.26/turn    (no ring)
MPRegen 0.11/turn

%: no passive effects
@: weakened
A: no striking features
a: Renounce Religion


You were on level 5 of the Dungeon.
You worshipped Okawaru.
Okawaru was noncommittal.
You visited 2 branches of the dungeon, and saw 6 of its levels.

You collected 290 gold pieces.


   Skills:
 - Level 2.8 Fighting
 + Level 10.5 Ranged Weapons
 - Level 2.0 Armour
 - Level 3.6 Dodging
 - Level 1.2 Stealth


You had 6 spell levels left.
You didn't know any spells.
Your spell library was empty.

Inventory:

Hand Weapons
 a - a +0 shortbow of flaming (weapon)
Armour
 e - the -1 helmet "Bod Dedd" (worn) {rF+ Int+3}
   (You acquired it on level 3 of the Dungeon)

   Int+3:     It affects your intelligence (+3).
   rF+:       It protects you from fire.
 f - a +1 ring mail of fire resistance (worn)
 h - a +0 pair of boots (worn)
Jewellery
 g - a +5 ring of evasion (left hand)
Wands
 d - a wand of flame (14)
Potions
 b - a potion of haste
 c - a potion of magic {unknown}
 i - a potion of might {unknown}

Dungeon Overview and Level Annotations

Branches:
Dungeon (5/15)             Temple (1/1) D:4

Altars:
Cheibriados
Dithmenos
Gozag
Hepliaklqana
Kikubaaqudgha
Nemelex Xobeh
Okawaru
Ru
Sif Muna
Trog
Uskayaw
Wu Jian
Xom
The Shining One


Message History

The gnoll shouts!
The arrow hits the gnoll.
The arrow burns the gnoll.
The gnoll is almost dead.
The adder bites you. The gnoll completely misses you.
The gnoll closely misses you. The orc completely misses you.
You shoot an arrow. The arrow barely misses the gnoll.
The arrow hits the gnoll but does no damage.
The gnoll is moderately wounded.
The adder bites you but does no damage. The gnoll closely misses you. x2
The orc misses you.
You shoot an arrow. The arrow hits the gnoll!
The arrow burns the gnoll.
You kill the gnoll!
Okawaru accepts your kill. The adder closely misses you.
The orc hits you but does no damage. The gnoll completely misses you.
The gnoll bouda gazes fiercely through you!
You feel your attacks grow feeble.
You shoot an arrow. The arrow hits the gnoll bouda.
The arrow burns the gnoll bouda.
The gnoll bouda is lightly wounded.
The adder bites you but does no damage. The adder misses you.
The gnoll misses you.
The gnoll bouda gazes fiercely through you!
You feel as though you will be weak longer.
The gnoll bouda closely misses you. The gnoll closely misses you.
The orc hits you with a +0 mace.
You shoot an arrow.
The arrow closely misses the gnoll bouda.
The arrow hits the gnoll.
The arrow burns the gnoll.
The gnoll is severely wounded.
The adder bites you but does no damage. The gnoll closely misses you.
The gnoll hits you from afar with a +0 halberd.
The gnoll bouda hits you with a +0 whip.
The orc hits you but does no damage.
You shoot an arrow. The arrow hits the gnoll bouda!
The arrow burns the gnoll bouda.
The gnoll bouda is almost dead.
The adder barely misses you.
The gnoll hits you from afar with a +0 halberd.
You die...

##+##..........................
#.............#######....######
#.............# #....#
#.............# #....#
#.............# #.............#
#.............#
#.............#######.
...########....@gg..... ...
#....oSg..... .. #............
#............ #............
##.....###### #.....# #.....#


You could see a gnoll bouda, 2 gnolls, an adder and an orc.

Vanquished Creatures
  A black bear (D:4)
  2 ogres (D:5)
  A phantom (D:5)
  A scorpion (D:4)
  A bombardier beetle (D:3)
  A hound (D:4)
  An iguana (D:4)
  4 orc wizards (D:4)
  A gnoll (D:5)
  7 adders
  3 dart slugs
  2 ribbon worms (D:3)
  11 orcs
  6 ball pythons
  4 endoplasms
  2 giant cockroaches
  9 goblins
  13 hobgoblins
  2 quokkas (D:3)
  11 bats
  3 frilled lizards (D:1)
  8 kobolds
  3 rats
97 creatures vanquished.

Notes
Turn   | Place    | Note
-------+----------+-------------------------------------------
     0 | D:1      | qw the Deep Elf Hunter began the quest for the Orb.
     0 | D:1      | Reached XP level 1. HP: 12/12 MP: 3/3
     0 | D:1      | 0 ||| qw: Version: 0.3-a-157-g843a77d
     0 | D:1      | 0 ||| qw: Game counter: 3651
     0 | D:1      | 0 ||| qw: Melee chars always use a shield: true
     0 | D:1      | 0 ||| qw: God list: Okawaru
     0 | D:1      | 0 ||| qw: Allow faded altars: false
     0 | D:1      | 0 ||| qw: Do Orc after clearing Dungeon:15 true
     0 | D:1      | 0 ||| qw: Do second Lair branch before Depths: true
     0 | D:1      | 0 ||| qw: Lair rune preference: random
     0 | D:1      | 0 ||| qw: Goals: Normal
     0 | D:1      | 0 ||| PLANNING D:1-11
   142 | D:1      | Reached skill level 6 in Ranged Weapons
   142 | D:1      | Reached XP level 2. HP: 16/16 MP: 4/4
   428 | D:1      | 428 ||| UPGRADING to +0 ring mail.
   438 | D:1      | 438 ||| DROPPING +0 leather armour.
   439 | D:1      | 439 ||| DROPPING +0 leather armour of positive energy.
   440 | D:1      | 440 ||| UPGRADING to +5 ring of evasion.
   441 | D:1      | 441 ||| READING scroll labelled FERHUH QAESSA.
   442 | D:1      | 442 ||| DROPPING scroll of butterflies.
   541 | D:2      | Reached XP level 3. HP: 20/20 MP: 5/5
  1139 | D:2      | Reached skill level 7 in Ranged Weapons
  1140 | D:2      | HP: 5/20 [poisoned by an adder]
  1257 | D:2      | Found a faded altar of an unknown god.
  1371 | D:2      | 1371 ||| UPGRADING to +0 pair of boots.
  1376 | D:2      | 1376 ||| READING 3 scrolls of identify.
  1376 | D:2      | 1376 ||| IDENTIFYING white potion
  1377 | D:2      | 1377 ||| READING 2 scrolls of identify.
  1377 | D:2      | 1377 ||| IDENTIFYING murky dark potion
  1378 | D:2      | 1378 ||| READING scroll of identify.
  1378 | D:2      | 1378 ||| IDENTIFYING fuming dark potion
  1379 | D:2      | 1379 ||| READING scroll labelled OTOUNI OXUEDDO.
  1380 | D:2      | 1380 ||| READING scroll labelled YGUPEQ FIKEIRE.
  1481 | D:2      | 1481 ||| DROPPING potion of attraction.
  1561 | D:3      | Reached XP level 4. HP: 25/25 MP: 6/6
  1591 | D:3      | Reached skill level 8 in Ranged Weapons
  1633 | D:3      | Found a shadowy altar of Dithmenos.
  1685 | D:3      | Found a shimmering altar of Xom.
  2037 | D:3      | 2037 ||| READING 2 scrolls of identify.
  2037 | D:3      | 2037 ||| IDENTIFYING brown potion
  2038 | D:3      | 2038 ||| READING scroll of identify.
  2038 | D:3      | 2038 ||| IDENTIFYING ruby potion
  2039 | D:3      | 2039 ||| READING scroll labelled XONUAS KECSI.
  2040 | D:3      | 2040 ||| READING scroll labelled AZIYBLI LETEVI.
  2085 | D:3      | 2085 ||| READING scroll labelled VELIAW PINYIQI.
  2086 | D:3      | 2086 ||| READING scroll labelled ZUMOMA LIPHABUV.
  2086 | D:3      | 2086 ||| BRANDING +0 shortbow.
  2087 | D:3      | 2087 ||| READING scroll labelled ITIOQA BISTUSO.
  2088 | D:3      | 2088 ||| DROPPING potion of lignification.
  2089 | D:3      | 2089 ||| DROPPING potion of degeneration.
  2091 | D:3      | 2091 ||| Stepping ~*~*~tactically~*~*~ (cloud).
  2092 | D:3      | 2092 ||| DRINKING potion of curing.
  2092 | D:3      | 2092 ||| (to cure poison)
  2142 | D:4      | Reached XP level 5. HP: 29/29 MP: 7/7
  2177 | D:4      | Reached skill level 9 in Ranged Weapons
  2209 | D:4      | Noticed a black bear
  2210 | D:4      | 2210 ||| DRINKING 2 potions of haste.
  2218 | D:4      | Killed a black bear
  2219 | D:4      | Reached XP level 6. HP: 36/36 MP: 8/8
  2232 | D:4      | Found a staircase to the Ecumenical Temple.
  2233 | D:4      | 2233 ||| PLANNING TEMPLE
  2243 | Temple   | Entered the Ecumenical Temple
  2244 | Temple   | 2244 ||| PLANNING OKAWARU WORSHIP
  2256 | Temple   | Became a worshipper of Warmaster Okawaru
  2257 | Temple   | 2257 ||| PLANNING D:1-11
  2550 | D:4      | Reached skill level 10 in Ranged Weapons
  2554 | D:4      | 2554 ||| FLEEEEING.
  2555 | D:4      | 2555 ||| FLEEEEING.
  2556 | D:4      | 2556 ||| FLEEEEING.
  2557 | D:4      | 2557 ||| FLEEEEING.
  2558 | D:4      | 2558 ||| FLEEEEING.
  2559 | D:4      | 2559 ||| FLEEEEING.
  2560 | D:4      | 2560 ||| FLEEEEING.
  2561 | D:4      | 2561 ||| STAIRDANCE
  2608 | D:3      | 2608 ||| READING scroll labelled OGOBRE COCSOITILY.
  2608 | D:3      | Identified a scroll of acquirement
  2608 | D:3      | 2608 ||| ACQUIRING -1 helmet "Bod Dedd" {rF+ Int+3}
  2608 | D:3      | Acquired the -1 helmet "Bod Dedd" {rF+ Int+3}
  2610 | D:3      | 2610 ||| UPGRADING to -1 helmet "Bod Dedd" {rF+ Int+3}.
  2615 | D:3      | 2615 ||| READING scroll labelled MANNE OMEOST.
  2774 | D:4      | Found an opulent altar of Gozag.
  2920 | D:4      | 2920 ||| UPGRADING to +1 ring mail of fire resistance.
  2930 | D:4      | 2930 ||| DROPPING +0 ring mail.
  2955 | D:5      | Entered Level 5 of the Dungeon
  2996 | D:5      | Reached XP level 7. HP: 34/40 MP: 9/9
  3036 | D:5      | Reached skill level 3 in Dodging
  3165 | D:5      | HP: 9/40 [gnoll/+0 halberd[a gnoll bouda] (4)]
  3165 | D:5      | HP: 3/40 [gnoll bouda/+0 whip (6)]
  3166 | D:5      | Slain by a gnoll

Levels and vault maps discovered:
D:1:      minmay_arrival_checkered_box, layout_rooms
D:2:      layout_loops_corners, ebering_ecumenical_altar_mist,
          minmay_heptomino_h4
D:3:      layout_basic, nicolae_dithmenos_the_darkroom, old_standard_altar
D:4:      layout_rooms, lemuel_crystal_altar, minmay_temple_entry_offerings
D:5:      layout_gridville
Temple:   nicolae_temple_ecumenical_triangle

Skill      XL: |  1  2  3  4  5  6  7 |
---------------+----------------------+-----
Ranged Weapons | 6 7 8 9 10 | 10.5
Fighting       | 2 |  2.8
Armour         | 2 |  2.0
Dodging        | 3 |  3.6
Stealth        | |  1.2

Action                     |  1- 3 |  4- 6 |  7- 9 || total
---------------------------+-------+-------+-------++-------
   Fire: Shortbow          |   116 |   195 |    31 ||   342
    Use: Scroll            |     6 |     9 |       ||    15
         Potion            |       |     2 |       ||     2
 Armour: Leather armour    |     7 |       |       ||     7
         Ring mail         |    15 |    36 |    24 ||    75
  Dodge: Dodged            |    40 |    64 |    31 ||   135

Table legend:
 A = Non-vault XP
 B = Vault XP
 C = Vault XP percentage of total XP
 D = Non-vault monster count
 E = Vault monster count
 F = Vault count percentage of total count
                 A         B        C        D         E       F
            +---------+---------+-------+---------+---------+-------
      Total |    1079 |       3 |   0.3 |      95 |       2 |   2.1
            +---------+---------+-------+---------+---------+-------
        D:1 |      36 |       0 |   0.0 |      23 |       0 |   0.0
        D:2 |      43 |       3 |   6.5 |      20 |       2 |   9.1
        D:3 |     108 |       0 |   0.0 |      21 |       0 |   0.0
        D:4 |     536 |       0 |   0.0 |      26 |       0 |   0.0
        D:5 |     356 |       0 |   0.0 |       5 |       0 |   0.0
            +---------+---------+-------+---------+---------+-------
